 Dungeon Crawl Stone Soup version 0.24.0-123-gd5b16e6ec5 (webtiles) character file.

Game seed: 15152082171758162141, levelgen mode: deterministic

40554 Bergy the Peltast (level 14, -21/91 HPs)
             Began as a Gargoyle Fighter on Jan 3, 2020.
             Was a High Priest of Makhleb.
             Demolished by an ettin
             ... wielding a +0 dire flail of protection
              (24 damage)
             ... on level 2 of the Orcish Mines.
             The game lasted 01:13:20 (14468 turns).

Bergy the Peltast (Gargoyle Fighter)               Turns: 14468, Time: 01:13:21

Health: -21/91     AC: 32    Str: 32    XL:     14   Next: 11%
Magic:  12/12      EV: 10    Int:  9    God:    Makhleb [*****.]
Gold:   1403       SH:  0    Dex: 17    Spells: 13/13 levels left

rFire    + . .     SeeInvis .   E - +4 whip (elec)
rCold    + + +     Gourm    .   c - +0 shield
rNeg     + + .     Faith    .   m - +2 ice dragon scales
rPois    ∞         Spirit   .   o - +2 hat {MR+}
rElec    +         Reflect  +   O - +0 cloak {rC+}
rCorr    .         Harm     .   B - +3 pair of gloves "Irchat" {-Cast rPois Dex+4}
MR       +++..     NoCast   +   (no boots)
Stlth    ..........             l - +6 amulet of reflection
HPRegen  0.25/turn              L - ring "Xuno" {rF+ rN+ MR+ Dex+4}
MPRegen  0.13/turn              P - ring "Oshyg" {*Drain +Blink rF+ Str+7 Stlth-}

@: confused
A: big wings, large bone plates 1, low mp 1, negative energy resistance 1,
electricity resistance, unbreathing, petrification resistance, rot immunity, AC
+10
a: Fly, Minor Destruction, Lesser Servant of Makhleb, Major Destruction, Greater
Servant of Makhleb, Renounce Religion, Evoke Blink


You were on level 2 of the Orcish Mines.
You worshipped Makhleb.
Makhleb was extremely pleased with you.
You were hungry.

You visited 3 branches of the dungeon, and saw 16 of its levels.
You also visited: Trove and Ice Cave.

You collected 1631 gold pieces.
You spent 228 gold pieces at shops.

Inventory:

Hand Weapons
 a - a +2 mace of venom
 E - a +4 whip of electrocution (weapon)
 V - a +3 flail of draining
Armour
 c - a +0 shield (worn)
 m - +2 ice dragon scales (worn)
 o - a +2 hat of magic resistance (worn)
 B - the +3 pair of gloves "Irchat" (worn) {-Cast rPois Dex+4}
   (You bought it in a shop on level 5 of the Dungeon)

   It affects your dexterity (+4).
   It protects you from poison.
   It prevents spellcasting.
 O - a +0 cloak of cold resistance (worn)
Jewellery
 l - a +6 amulet of reflection (around neck)
 s - an uncursed ring of resist corrosion
 L - the ring "Xuno" (left hand) {rF+ rN+ MR+ Dex+4}
   (You found it in a treasure trove)

   [ring of protection from fire]

   It affects your dexterity (+4).
   It protects you from fire.
   It protects you from negative energy.
   It affects your resistance to hostile enchantments.
 P - the ring "Oshyg" (right hand) {*Drain +Blink rF+ Str+7 Stlth-}
   (You found it in a treasure trove)

   [ring of protection from fire]

   It affects your strength (+7).
   It protects you from fire.
   It lets you blink.
   It causes draining when unequipped.
   It makes you less stealthy.
Wands
 d - a wand of iceblast (20)
 z - a wand of flame (2)
 C - a wand of paralysis (11)
 G - a wand of disintegration (5)
Scrolls
 b - a scroll of enchant armour
 j - a scroll of vulnerability {unknown}
 k - 7 scrolls of remove curse
 n - a scroll of enchant weapon
 q - 2 scrolls of immolation
 t - 4 scrolls of teleportation
 u - 2 scrolls of blinking
 v - a scroll of acquirement {unknown}
 x - 2 scrolls of fog
 y - a scroll of fear
 A - a scroll of magic mapping
Potions
 g - 6 potions of curing
 h - 4 potions of lignification
 i - 3 potions of mutation
 p - a potion of invisibility {unknown}
 r - 5 potions of heal wounds
 w - a potion of ambrosia
 D - a potion of haste {unknown}
 J - a potion of flight {unknown}
 K - 3 potions of might
 N - 2 potions of resistance {unknown}
Comestibles
 f - 22 rations
 F - 14 chunks of flesh


   Skills:
 * Level 11.7 Fighting
 - Level 14.0 Maces & Flails
 + Level 8.2 Armour
 - Level 16.0 Shields


You had 13 spell levels left.
You didn't know any spells.
Your spell library contained the following spells:

 Spells                   Type           Power        Failure   Level  Hunger
 Confusing Touch          Hex            #.....       63%         1    ##.....
 Infusion                 Chrm           #...         63%         1    ##.....
 Magic Dart               Conj           #...         63%         1    ##.....
 Blink                    Tloc           N/A          77%         2    ###....
 Call Imp                 Summ           #.......     77%         2    ###....
 Shroud of Golubria       Chrm/Tloc      #.....       77%         2    ###....
 Slow                     Hex            #.......     77%         2    ###....
 Song of Slaying          Chrm           #.......     77%         2    ###....
 Confuse                  Hex            #.......     94%         3    ####...
 Conjure Flame            Conj/Fire      #.......     94%         3    ####...
 Gell's Gravitas          Tloc           #.........   94%         3    ####...
 Mephitic Cloud           Conj/Pois/Air  #.......     94%         3    ####...
 Regeneration             Chrm/Necr      #.........   94%         3    ####...
 Spectral Weapon          Hex/Chrm       #.......     94%         3    ####...
 Petrify                  Tmut/Erth      #.......     100%        4    #####..
 Summon Lightning Spire   Summ/Air       #.......     100%        4    #####..
 Metabolic Englaciation   Hex/Ice        #.........   100%        5    ######.
 Silence                  Hex/Air        #.........   100%        5    ######.
 Yara's Violent Unravell  Hex/Tmut       #.........   100%        5    ######.
 Conjure Ball Lightning   Conj/Air       #.........   100%        6    #######
 Deflect Missiles         Chrm/Air       #.........   100%        6    #######
 Tornado                  Air            #.........   100%        9    #######


Dungeon Overview and Level Annotations

Branches:
Dungeon (13/15)            Temple (1/1) D:6            Lair (0/6) D:8
    Orc (2/2) D:11            Elf (0/3) Orc:2        Vaults (0/5) D:13
  IceCv (visited)

Altars:
Ashenzari
Cheibriados
Dithmenos
Elyvilon
Fedhas
Gozag
Hepliaklqana
Kikubaaqudgha
Makhleb
Nemelex Xobeh
Okawaru
Qazlal
Ru
Sif Muna
Trog
Uskayaw
Vehumet
Wu Jian
Xom
Yredelemnul
Zin
The Shining One
Beogh

Shops:
D:5 [   D:10 %   Orc:1 }   Orc:2 ==

Annotations:
D:5 1 runed translucent door, Delamore's ghost, novice FoFi


Innate Abilities, Weirdness & Mutations

You are resistant to torment.
Your stone body is resilient. (AC +10)
You are immune to poison.
Your large and strong wings let you fly indefinitely.
You resist negative energy. (rN+)
You are resistant to electric shocks. (rElec)
You can survive without breathing.
You are immune to petrification.
You are immune to rotting.
You are partially covered in large bone plates. (SH +4)
Your magical capacity is low. (-10% MP)


Message History

You feel invigorated.
The cyclops throws a large rock.
The large rock hits you but does no damage.
The ettin barely misses you. The ettin hits you but does no damage.
You hit the ettin.
The ettin is moderately wounded.
You closely miss the ettin.
The ettin is moderately wounded.
The cyclops throws a large rock.
The large rock hits you!
The ettin hits you with a +0 dire flail of protection!
The ettin hits you with a +0 dire flail!!
* * * LOW HITPOINT WARNING * * *
The cyclops throws a large rock.
The large rock hits you but does no damage.
You see here a large rock.
You hit the ettin.
The ettin is moderately wounded.
The ettin hits you with a +0 dire flail of protection!!
* * * LOW HITPOINT WARNING * * *
The ettin hits you with a +0 dire flail!!
You die...

#......### #......#
......#....... ......##
.......(..... .....##
...#..(..... #.#.##
.....o..... .....###
#...C.8.... #......##
#...C...... .<......#
####C.8.∩.8..
..(.....####.##(@.......
..........#....)...8....
..............#)........
.............###....#...
.....#.........##..## ..
.....#...#........... .
...........#..........
.#.............#.......
..#........##.##.....##


You could see an ettin, 2 cyclopes and an orc.

Vanquished Creatures
  Gastronok (D:9)
  A frost giant (IceCv)
  An orc warlord (D:11)
  An ettin (Orc:2)
  4 centaur warriors
  2 two-headed ogres
  A tengu warrior (D:13)
  Urug (D:13)
  4 slime creatures (D:13)
  An unseen horror (D:13)
  A deep elf archer (D:13)
  2 ugly things (D:13)
  An orc sorcerer (Orc:1)
  5 deep elf magi
  3 cyclopes
  Maurice (D:8)
  Psyche (D:9)
  An ice statue (IceCv)
  A kobold demonologist (D:13)
  2 rime drakes (D:12)
  2 yaktaurs (D:13)
  A komodo dragon (D:12)
  13 polar bears (IceCv)
  4 trolls
  Grinder (D:5)
  3 hippogriffs
  Sigmund (D:6)
  A vampire (D:10)
  3 wyverns
  2 wraiths
  16 yaks
  A hog (shapeshifter) (D:13)
  2 hungry ghosts
  2 wargs (D:11)
  2 water moccasins
  2 black bears
  A hornet zombie (D:10)
  5 ice beasts
  6 sky beasts
  A phantom (D:11)
  27 orc warriors
  15 ogres
  9 wolves (IceCv)
  4 centaurs
  4 big kobolds
  Blork the orc (D:6)
  9 bullfrogs
  A spectral warg (Orc:1)
  A scorpion (D:8)
  An orc simulacrum (Orc:1)
  4 killer bees (D:12)
  8 wights
  3 howler monkeys
  3 bullfrog zombies
  5 crimson imps
  8 hounds
  4 quasits
  5 jellies
  18 orc priests
  2 bullfrog skeletons
  4 centaur skeletons
  3 iguanas
  14 worker ants
  17 orc wizards
  8 ogre zombies (D:11)
  3 spectral orcs (Orc:1)
  A worker ant zombie (D:6)
  16 adders
  3 gnolls (D:5)
  A howler monkey skeleton (D:8)
  An ogre simulacrum (Orc:1)
  4 shadow imps
  An adder zombie (D:6)
  An adder skeleton (D:10)
  A worm (D:6)
  8 dart slugs
  8 leopard geckos
  83 orcs
  8 giant cockroaches
  2 gnoll zombies (D:3)
  4 goblins
  6 hobgoblins
  4 jackals (D:9)
  6 quokkas
  A ball python (D:2)
  8 bats
  2 frilled lizards
  A giant cockroach zombie (D:5)
  A goblin skeleton (D:11)
  5 goblin zombies (D:11)
  2 hobgoblin skeletons (D:11)
  A hobgoblin zombie (D:11)
  16 kobolds
  A leopard gecko zombie (D:5)
  2 orc skeletons (D:11)
  14 orc zombies (D:11)
  A quokka skeleton (D:5)
  A quokka zombie (D:10)
  5 rats
504 creatures vanquished.

Vanquished Creatures (collateral kills)
  A spectral orc (Orc:1)
1 creature vanquished.

Vanquished Creatures (others)
  The ghost of Keeluq the Geomancer, a journeyman GrEE of Vehumet (Orc:1)
  A centaur warrior (D:13)
  A yaktaur (D:13)
  3 centaurs (D:13)
  An orc simulacrum (Orc:1)
  A kobold (D:13)
  3 fungi (Orc:2)
  2 withered plants (D:5)
13 creatures vanquished.

Grand Total: 518 creatures vanquished

Notes
Turn   | Place    | Note
-------+----------+-------------------------------------------
     0 | D:1      | Bergy the Gargoyle Fighter began the quest for the Orb.
     0 | D:1      | Reached XP level 1. HP: 14/14 MP: 1/1
   269 | D:1      | Reached XP level 2. HP: 18/19 MP: 2/2
   874 | D:2      | Reached XP level 3. HP: 23/23 MP: 3/3
   970 | D:2      | Found a radiant altar of Vehumet.
   992 | D:2      | Reached XP level 4. HP: 22/28 MP: 4/4
  1123 | D:2      | Found a hide-covered altar of Uskayaw.
  1268 | D:2      | Found a blossoming altar of Fedhas.
  1698 | D:3      | Found a sparkling altar of Nemelex Xobeh.
  2059 | D:3      | Reached skill level 5 in Maces & Flails
  2064 | D:3      | Found a basalt altar of Yredelemnul.
  2272 | D:4      | Reached XP level 5. HP: 32/32 MP: 5/5
  2481 | D:4      | Reached XP level 6. HP: 34/37 MP: 6/6
  2877 | D:5      | Entered Level 5 of the Dungeon
  2916 | D:5      | Noticed a sky beast
  2960 | D:5      | Killed a sky beast
  3046 | D:5      | Reached XP level 7. HP: 20/41 MP: 7/7
  3379 | D:5      | Found Xinaep's Antique Armour Boutique.
  3400 | D:5      | Bought a pair of fine gloves for 228 gold pieces
  3405 | D:5      | Identified the +3 pair of gloves "Irchat" {-Cast rPois
                  | Dex+4} (You bought it in a shop on level 5 of the Dungeon)
  3682 | D:5      | Reached XP level 8. HP: 46/46 MP: 8/8
  3781 | D:5      | Noticed Delamore's ghost (novice FoFi)
  3783 | D:5      | Found a runed translucent door.
  3889 | D:5      | Noticed Grinder
  3891 | D:5      | Paralysed by Grinder for 4 turns
  3920 | D:5      | Killed Grinder
  3920 | D:5      | Reached skill level 10 in Maces & Flails
  4414 | D:6      | Noticed Sigmund
  4459 | D:6      | Killed Sigmund
  4459 | D:6      | Reached XP level 9. HP: 51/51 MP: 9/9
  4822 | D:6      | Found a shimmering blue altar of Sif Muna.
  4835 | D:6      | Found an ancient bone altar of Kikubaaqudgha.
  4837 | D:6      | Found a white marble altar of Elyvilon.
  4837 | D:6      | Found a shimmering altar of Xom.
  4839 | D:6      | Found a glowing silver altar of Zin.
  4839 | D:6      | Found a stormy altar of Qazlal.
  4839 | D:6      | Found a burning altar of Makhleb.
  4899 | D:6      | Found a staircase to the Ecumenical Temple.
  4899 | D:6      | Noticed Blork the orc
  4934 | D:6      | Killed Blork the orc
  4996 | Temple   | Entered the Ecumenical Temple
  5203 | Temple   | Became a worshipper of Makhleb the Destroyer
  5345 | D:6      | Found a sacrificial altar of Ru.
  5607 | D:6      | Found a stormy altar of Qazlal.
  6318 | D:7      | Reached * piety under Makhleb
  6644 | D:8      | Noticed Maurice
  6671 | D:8      | Killed Maurice
  6671 | D:8      | Reached XP level 10. HP: 56/56 MP: 10/10
  7004 | D:8      | Found a staircase to the Lair.
  7191 | D:9      | Noticed Psyche
  7195 | D:9      | Killed Psyche
  7195 | D:9      | Reached skill level 4 in Shields
  7259 | D:9      | Reached ** piety under Makhleb
  7273 | D:9      | Noticed Gastronok
  7301 | D:9      | Killed Gastronok
  7301 | D:9      | Reached skill level 7 in Shields
  7516 | D:9      | Found a glowing silver altar of Zin.
  7517 | D:9      | Found a glowing golden altar of the Shining One.
  7603 | D:9      | Found an ornate altar of the Wu Jian Council.
  7850 | D:10     | Entered Level 10 of the Dungeon
  7954 | D:10     | Reached skill level 8 in Shields
  7954 | D:10     | Reached XP level 11. HP: 62/62 MP: 11/11
  8078 | D:10     | Noticed a centaur warrior
  8098 | D:10     | Killed a centaur warrior
  8098 | D:10     | Reached skill level 5 in Fighting
  8181 | D:10     | Reached skill level 9 in Shields
  8407 | D:10     | Found Litzeo's Food Emporium.
  8752 | D:11     | Noticed a two-headed ogre
  8763 | D:11     | Killed a two-headed ogre
  8769 | D:11     | Reached skill level 10 in Shields
  8951 | D:11     | Found a portal to a secret trove of treasure.
  8966 | Trove    | Entered a treasure trove
  8971 | Trove    | Got a scorched platinum ring
  8973 | Trove    | Got a crude brass amulet
  8977 | Trove    | Got a coiled silver ring
  8979 | Trove    | Got a wavering jade ring
  8987 | Trove    | Got a twitching wooden ring
  8989 | Trove    | Got a warped jade ring
  8991 | Trove    | Got a scorched iron amulet
  9005 | Trove    | Identified the amulet "Townegru" {Harm *Drain rElec Str+4}
                  | (You found it in a treasure trove)
  9006 | Trove    | Identified the ring of Deegeik {rN+ MR+ Stlth+} (You found
                  | it in a treasure trove)
  9018 | D:11     | Identified the ring "Xuno" {rF+ rN+ MR+ Dex+4} (You found
                  | it in a treasure trove)
  9020 | D:11     | Identified the amulet "Imaur" {Harm *Drain *Slow rF+ rN+
                  | Dex+4} (You found it in a treasure trove)
  9067 | D:11     | Identified the ring of Mybakoz {Ice rElec rPois Stlth-}
                  | (You found it in a treasure trove)
  9070 | D:11     | Identified the ring "Oshyg" {*Drain +Blink rF+ Str+7
                  | Stlth-} (You found it in a treasure trove)
  9163 | D:11     | Identified the ring of Fut Sef {Fire rN+ Int+3} (You found
                  | it in a treasure trove)
  9325 | D:11     | Found a staircase to the Orcish Mines.
  9914 | D:12     | Reached skill level 11 in Shields
  9993 | D:12     | Found a frozen archway.
 10026 | IceCv    | Entered an ice cave
 10047 | IceCv    | Reached skill level 5 in Armour
 10119 | IceCv    | Reached XP level 12. HP: 50/71 MP: 12/12
 10132 | IceCv    | Reached skill level 12 in Shields
 10475 | IceCv    | Gained mutation: Your magical capacity is low. (-10% MP)
                  | [potion of mutation]
 10475 | IceCv    | Gained mutation: You are partially covered in large bone
                  | plates. (SH +4) [potion of mutation]
 10478 | IceCv    | Noticed a frost giant
 10513 | IceCv    | Killed a frost giant
 10699 | IceCv    | Reached skill level 13 in Shields
 10724 | IceCv    | Reached *** piety under Makhleb
 11110 | D:12     | Noticed a two-headed ogre
 11118 | D:12     | Killed a two-headed ogre
 11118 | D:12     | Reached skill level 14 in Shields
 11653 | D:13     | Noticed a centaur warrior
 11667 | D:13     | Killed a centaur warrior
 11779 | D:13     | Reached XP level 13. HP: 73/76 MP: 11/11
 11781 | D:13     | Reached **** piety under Makhleb
 11805 | D:13     | Reached skill level 15 in Shields
 11996 | D:13     | Got a bloodstained robe
 12008 | D:13     | Identified the +1 robe of the Lizard {rC+ rN+} (You found
                  | it on level 13 of the Dungeon)
 12238 | D:13     | Found a glowing golden altar of the Shining One.
 12238 | D:13     | Noticed Urug
 12259 | D:13     | Killed Urug
 12370 | D:13     | Reached skill level 16 in Shields
 12775 | D:13     | Found a gate to the Vaults.
 13249 | Orc:1    | Entered Level 1 of the Orcish Mines
 13255 | Orc:1    | Found a runed translucent gate.
 13256 | Orc:1    | Found a runed translucent gate.
 13294 | Orc:1    | Noticed an orc warlord
 13375 | D:11     | Reached skill level 10 in Fighting
 13391 | D:11     | Killed an orc warlord
 13391 | D:11     | Reached ***** piety under Makhleb
 13629 | Orc:1    | Found a runed translucent gate.
 13651 | Orc:1    | Found a roughly hewn altar of Beogh.
 13664 | Orc:1    | Found Biel's Gadget Shop.
 13838 | Orc:1    | Noticed Keeluq's ghost (journeyman GrEE)
 14083 | Orc:1    | Killed Keeluq's ghost
 14090 | Orc:1    | Gained mutation: Your large and strong wings let you fly
                  | indefinitely. [Gargoyle growth]
 14090 | Orc:1    | Reached XP level 14. HP: 84/90 MP: 12/12
 14102 | Orc:1    | Got a faintly glowing helmet
 14117 | Orc:1    | Identified the cursed +0 helmet "Mofock" {rPois Str-4 SInv}
                  | (You found it on level 1 of the Orcish Mines)
 14164 | Orc:2    | Entered Level 2 of the Orcish Mines
 14184 | Orc:2    | Found a staircase to the Elven Halls.
 14339 | Orc:2    | Found Uppid's Jewellery Shop.
 14427 | Orc:2    | Found Fuimest's Jewellery Boutique.
 14468 | Orc:2    | HP: 3/91 [ettin/+0 dire flail of protection (21)]
 14468 | Orc:2    | Demolished by an ettin

Levels and vault maps discovered:
D:1:      evilmike_arrival_plus, layout_loops_corners
D:2:      layout_basic, eat_drink_and_be_merry_uskayaw, vehumet_crystals,
          fedhas_altar_1, columned_hall_lemuel
D:3:      layout_rooms, nicolae_overflow_hidden_temple,
          lemuel_zombie_altar_yredelemnul, kennysheep_generic_room_7
D:4:      kennysheep_six_static_rooms, layout_gridville, first_ration,
          minmay_tree_intersection, minmay_ruptured
D:5:      layout_loops_ring, serial_shops, shop, gammafunk_ghost_grave,
          uniq_grinder
D:6:      kennysheep_slugbush, layout_basic, marbit_many_paths,
          kennysheep_mini_moat, doesnt_xom_only_xom, minmay_temple_entry_arrows,
          nicolae_ru_sacrificial_ziggurat, uniq_blork_the_orc, uniq_sigmund
D:7:      layout_rooms
D:8:      layout_rooms, lair_entry_dummy, uniq_maurice
D:9:      layout_cave_pools, gammafunk_temple_overflow_statue,
          overflow_temple_1_default, uniq_psyche, uniq_gastronok
D:10:     layout_layer_cave, serial_shops, kennysheep_mini
D:11:     layout_basic, zombieorc2_lemuel, enter_trove_1
D:12:     layout_irregular_city, portal_ice_cave_rime
D:13:     layout_long_grid, hangedman_vaults_entry_quadrant_bands, basic_altar,
          grunt_tengu_nest, uniq_urug
Temple:   minmay_temple_curvy_loop
Orc:1:    layout_diamond_mine, serial_shops, nicolae_shop_behind_doors,
          gammafunk_ghost_necromancy, basic_altar
Orc:2:    grunt_orc_gardens, layout_caves, grunt_orc_garden, grunt_orc_garden,
          grunt_orc_garden, grunt_orc_garden, serial_shops,
          nicolae_shop_statue_plus, minmay_orc_temple_a

Skill      XL: |  1  2  3  4  5  6  7  8  9 10 11 12 13 14 |
---------------+-------------------------------------------+-----
Maces & Flails | 3 4 5 6 7 9 11 13 14 | 14.0
Shields        | 8 11 14 16 | 16.0
Fighting       | 4 6 7 11 | 11.7
Armour         | 4 5 6 7 8 |  8.2

Action                   |  1- 3 |  4- 6 |  7- 9 | 10-12 | 13-15 || total
-------------------------+-------+-------+-------+-------+-------++-------
Melee: Flail             |    79 |   248 |   330 |       |       ||   657
       Whip              |       |       |   115 |  1024 |   583 ||  1722
Invok: Lesser Servant of |       |       |       |       |     3 ||     3
 Abil: Evoke Blink       |       |       |       |     2 |       ||     2
Evoke: Wand              |       |       |       |     6 |       ||     6
  Use: Scroll            |       |     4 |     6 |    15 |     3 ||    28
       Potion            |       |       |     1 |     4 |     2 ||     7
 Stab: Sleeping          |       |       |     1 |       |       ||     1
       Fleeing           |       |       |       |     1 |       ||     1
  Eat: Chunk             |       |     6 |    10 |    10 |     3 ||    29
       Ration            |       |     1 |       |     3 |     1 ||     5
Armor: Scale mail        |    48 |   152 |     2 |       |       ||   202
       Ice dragon scales |       |       |   115 |   236 |   102 ||   453
Dodge: Dodged            |    18 |    62 |    49 |    98 |    55 ||   282
Block: Shield            |    50 |   143 |   250 |   655 |   440 ||  1538
       Reflection        |       |       |     7 |    26 |    63 ||    96
